Cogmind - Beta 13 @@@ ROGUE MODE // 2024.03.17 @ 13:49:15 Player: Cheeriohz Result: Destroyed by Y-64 Sentinel with Wave Gun Performance ------------- Evolutions (6) 3000 Regions Visited (11) 2200 Robots Destroyed (90) 450 Value Destroyed (3387) 3387 Prototype IDs (4) 80 Alien Tech Used (0) 0 Bonus (186) 186 TOTAL SCORE: 9303 Bonus ------- High Alert Combat Kills 186 Cogmind --------- Core Integrity 0/1150 Matter 291/300 Energy 99/100 System Corruption 7% Temperature Cool (9) Movement Core (50) Location -4/Factory Parts ------- > --- POWER (1) -------- (None) > --- PROPULSION (4) --- (None) > --- UTILITY (11) ----- Advanced Cooling System Enhanced Optical Array Advanced Terrain Scan Processor Improved Target Analyzer Improved Armor Integrity Analyzer > --- WEAPON (3) ------- (None) > --- INVENTORY (5) ---- Improved Gravmag System Compact Matter Pod (150) Quantum Capacitor Hardcell Cannon Peak State ------------ > --- POWER ------------ Backup Power VII > --- PROPULSION ------- Heavy Siege Treads Myomer Leg Myomer Leg > --- UTILITY ---------- Advanced Cooling System Large Storage Unit Enhanced Optical Array Improved Terrain Scanner Advanced Terrain Scan Processor Improved Target Analyzer Improved Armor Integrity Analyzer Quantum Capacitor Improved Utility Shielding Backup Plating VII > --- WEAPON ----------- Phase Gun Enhanced Gauss Cannon Segregator > --- INVENTORY -------- Micro Fission Core Myomer Leg Advanced Cooling System Compact Matter Pod Improved Armor Integrity Analyzer Backup Plating VII Improved Thermal Shield Improved Force Field Tesla Rifle Backup Laser VII Backup Laser VII Improved Plasma Cutter [Rating: 115] Favorites ----------- Power Ion Engine Engine Ion Engine Power Core Enhanced Nuclear Core Reactor Light Antimatter Reactor Propulsion Wheel Treads Advanced Treads Leg Myomer Leg Wheel Wheel Utility Improved Terrain Scanner Device Improved Terrain Scanner Storage Large Storage Unit Processor Advanced Terrain Scan Processor Protection Medium Armor Plating Weapon Gauss Cannon Energy Gun Backup Laser VII Energy Cannon Heavy Ion Cannon Ballistic Gun Light Assault Rifle Ballistic Cannon Gauss Cannon Launcher Smartbomb Launcher Special Weapon Improved Plasma Cutter Slashing Weapon Segregator Build | -11 -10 -10 -9 -9 -8 -7 -7 -7 -6 -5 -4 ------- Run | Yrd Mat Min Mat Min Mat Fac Was Fac Fac Fac Fac Slots Evolved 12 | . . . 2 . 2 2 . . 2 2 2 Power . | . . . . . . . . . . . . Propulsion 2 | . . . . . . . . . 1 1 . Utility 9 | . . . 2 . 2 2 . . 1 1 1 Weapon 1 | . . . . . . . . . . . 1 Parts Attached 129 | 4 5 3 8 4 6 3 4 8 18 23 43 Power 10 | . . . 1 . . . 1 1 1 2 4 Engine 2 | . . . 1 . . . . . . . 1 Core 6 | . . . . . . . . 1 1 2 2 Reactor 2 | . . . . . . . 1 . . . 1 Propulsion 23 | 2 . 2 1 . 1 . . 1 1 5 10 Treads 6 | . . . . . . . . . 1 3 2 Leg 6 | . . . . . . . . . . . 6 Wheel 11 | 2 . 2 1 . 1 . . 1 . 2 2 Hover . | . . . . . . . . . . . . Flight . | . . . . . . . . . . . . Utility 52 | 1 2 . 3 2 5 3 1 2 11 7 15 Device 30 | 1 . . 1 . 3 1 1 1 8 4 10 Storage 3 | . 1 . . . 1 . . . . 1 . Processor 8 | . . . 1 . 1 1 . . 3 1 1 Hackware . | . . . . . . . . . . . . Protection 11 | . 1 . 1 2 . 1 . 1 . 1 4 Artifact . | . . . . . . . . . . . . Weapon 44 | 1 3 1 3 2 . . 2 4 5 9 14 Energy Gun 6 | . . . . . . . 1 . . 1 4 Energy Cannon 11 | . . . . 1 . . 1 1 2 4 2 Ballistic Gun 5 | 1 1 1 2 . . . . . . . . Ballistic Cannon 12 | . . . . 1 . . . 2 3 3 3 Launcher 5 | . 2 . 1 . . . . 1 . . 1 Special Weapon 1 | . . . . . . . . . . . 1 Impact Weapon . | . . . . . . . . . . . . Slashing Weapon 4 | . . . . . . . . . . 1 3 Piercing Weapon . | . . . . . . . . . . . . Special Melee Weapon . | . . . . . . . . . . . . Unidentified Prototypes 4 | . . . . . . . 1 1 1 1 . Corrupted Parts 1 | . . . . . . . . . . 1 . System Corruption 2 | . . . . . . . . . . 2 . Parts Lost 46 | . . . 1 . . . . 2 3 8 32 Power 5 | . . . . . . . . . . 1 4 Propulsion 16 | . . . . . . . . 1 . 4 11 Utility 14 | . . . 1 . . . . 1 3 2 7 Weapon 11 | . . . . . . . . . . 1 10 Highest Loss Streak 12 | . . . 1 . . . . 1 2 3 12 To Critical Strikes . | . . . . . . . . . . . . Average Slot Usage (%) 95 | . 100 100 99 100 99 100 99 99 98 97 83 Engine 4 | . 14 14 11 11 9 7 1 . . . . Core 1 | . . . . . . . . 1 6 4 . Reactor 1 | . . . . . . . 5 5 . . 3 Treads 3 | . . . . . . . . . 6 10 3 Leg 2 | . . . . . . . . . . . 9 Wheel 13 | . 28 28 22 22 18 15 15 14 13 10 2 Device 18 | . . . 11 11 26 30 30 30 22 22 17 Storage 7 | . 14 14 11 11 9 7 7 7 6 5 4 Processor 14 | . . . 11 11 9 7 7 7 15 21 22 Protection 10 | . 13 14 10 11 9 15 15 15 13 6 6 Energy Gun 1 | . . . . . . . . . . . 5 Energy Cannon 2 | . . . . 8 9 7 6 2 . 3 . Ballistic Gun 5 | . 25 24 21 5 . . . . . . . Ballistic Cannon 5 | . . . . 8 9 7 7 10 12 4 3 Naked Turns . | . . . . . . . . . . . . Heaviest Build 112 | 14 94 94 99 110 112 59 70 70 63 64 79 Greatest Support 75 | 20 20 20 20 20 20 20 20 20 20 20 75 Greatest Overweight (x) 6 | . 4 4 4 5 5 2 3 5 3 5 6 Average Overweight (x) 2 | . 2 4 4 4 3 2 2 2 2 2 . Largest Inventory Capacity 25 | 8 25 25 25 25 25 15 15 15 15 15 15 Average Capacity 17 | 8 20 25 25 25 19 15 15 15 15 15 14 Most Carried 25 | 8 14 20 25 24 25 15 15 15 15 15 15 Average Carried 14 | 6 10 15 21 23 19 13 14 14 14 13 12 Final Capacity 25 | 8 25 25 25 25 15 15 15 15 15 15 5 Final Carried 24 | 8 14 20 23 24 15 15 15 14 15 15 5 Class Distribution -------------------- 39% | Scavenger-Skirmisher 25% | Mutant 18% | Skirmisher 9% | Scavenger-Mutant 4% | Assassin Dominant Class ---------------- Mutant | -10/Materials Mutant | -10/Mines Mutant | -9/Materials Scavenger-Mutant | -9/Mines Scavenger-Skirmisher | -8/Materials Scavenger-Skirmisher | -7/Factory Scavenger-Skirmisher | -7/Waste Scavenger-Skirmisher | -7/Factory Skirmisher | -6/Factory Scavenger-Skirmisher | -5/Factory Scavenger-Skirmisher | -4/Factory Resources | -11 -10 -10 -9 -9 -8 -7 -7 -7 -6 -5 -4 ----------- Run | Yrd Mat Min Mat Min Mat Fac Was Fac Fac Fac Fac Matter Collected 2752 | 260 3 95 335 40 222 . 70 273 107 362 985 Remotely . | . . . . . . . . . . . . Salvage Created 2794 | 150 17 129 384 . 58 . . 353 206 323 1174 Parts 141 | 13 7 9 31 . 4 . . 10 16 20 31 Haulers Intercepted 2 | . . . 1 . . . . 1 . . . Recyclers Shooed 3 | . . 1 1 . . . . . . . 1 Parts Field Recycled . | . . . . . . . . . . . . Retrieved Matter . | . . . . . . . . . . . . Parts Self-Destructed . | . . . . . . . . . . . . Prevented . | . . . . . . . . . . . . Kills | -11 -10 -10 -9 -9 -8 -7 -7 -7 -6 -5 -4 ------- Run | Yrd Mat Min Mat Min Mat Fac Was Fac Fac Fac Fac Combat Hostiles Destroyed 68 | . 6 3 11 . 1 . . 9 7 5 26 Melee 5 | . . . . . . . . . . 2 3 Guns 9 | . . 1 7 . . . . . . . 1 Cannons 31 | . . . . . 1 . . 8 6 3 13 AOE 21 | . 6 2 4 . . . . 1 1 . 7 Classes Destroyed 15 | 2 1 4 2 . 1 . . 1 2 2 . Worker 5 | . . 2 1 . . . . . . . 2 Builder 3 | . . 1 . . . . . . 1 . 1 Tunneler 6 | 4 . . 1 . . . . . 1 . . Hauler 2 | . . . 1 . . . . 1 . . . Recycler 2 | 1 . . 1 . . . . . . . . Operator 2 | . . . . . 1 . . . . 1 . Watcher 3 | . . . . . . . . . . 2 1 Swarmer 22 | . 6 . 7 . . . . . 4 . 5 Grunt 28 | . . 2 2 . 1 . . 8 . 2 13 Brawler 1 | . . . . . . . . . . 1 . Duelist 1 | . . . . . . . . 1 . . . Sentry 3 | . . . 2 . . . . . 1 . . Hunter 5 | . . . . . . . . . 1 . 4 Programmer 7 | . . . . . . . . . 1 2 4 Assembled 1 | . . 1 . . . . . . . . . Best Kill Streak 7 | 3 3 2 6 . 1 . . 2 7 2 6 Combat Bots Only 5 | . 3 2 4 . 1 . . 2 5 2 5 Max Kills in Single Turn 5 | 1 2 2 2 . 1 . . 1 2 1 5 Gunslinging . | . . . . . . . . . . . . Exploded 4 | . 2 2 2 . . . . 1 1 . 4 Melee 1 | . . . . . . . . . . 1 1 Uniques/NPCs Destroyed . | . . . . . . . . . . . . Combat | -11 -10 -10 -9 -9 -8 -7 -7 -7 -6 -5 -4 -------- Run | Yrd Mat Min Mat Min Mat Fac Was Fac Fac Fac Fac Hostile Shots Fired 650 | . 11 4 45 . . . . 46 57 69 418 Missed 192 | . 4 . 13 . . . . 13 12 13 137 Damage Taken 8245 | . 61 73 385 . . . . 568 594 1080 5484 Core 1513 | . . . 58 . . . . 55 117 125 1158 Absorbed by Shields . | . . . . . . . . . . . . Redirected to Shielding 211 | . . . . . . . . . . . 211 Ignored by Resistances 108 | . . . . . . . . . . . 108 Core Remaining (%) 92 | 100 . 100 . 85 100 . . 92 86 87 . Volleys Fired 245 | 20 4 9 37 . 2 . . 35 22 29 87 Largest 3 | 2 1 2 2 . 2 . . 2 2 1 3 Hottest 157 | 70 30 40 43 . 113 . . 98 146 98 157 Shots Fired 376 | 40 4 17 71 . 4 . . 51 30 29 130 Gun 191 | 40 . 16 68 . . . . . . 4 63 Cannon 167 | . . . . . 4 . . 50 30 25 58 Launcher 16 | . 4 1 3 . . . . 1 . . 7 Special 2 | . . . . . . . . . . . 2 Kinetic 256 | 20 . 16 68 . 2 . . 49 25 18 58 Thermal 93 | 20 . . . . 2 . . 1 5 2 63 Explosive 16 | . 4 1 3 . . . . 1 . . 7 Electromagnetic 11 | . . . . . . . . . . 9 2 Robot Hit Streak 22 | 5 7 3 22 . 6 . . 10 3 4 20 Robot Miss Streak 6 | 3 . 3 2 . 1 . . 2 6 2 2 Penetration Max . | . . . . . . . . . . . . Secondary Targets . | . . . . . . . . . . . . Capacitor 3 | . . . . . . . . . . . 3 Shots Hit Robots 306 | 25 3 7 63 . 2 . . 35 21 29 121 Core Hits 156 | 9 5 8 26 . 2 . . 17 14 13 62 Critical Kills 1 | . . 1 . . . . . . . . . Critical Parts Destroyed . | . . . . . . . . . . . . Critical Strikes 38 | 1 . 1 . . 1 . . 3 3 4 25 Burn 2 | 1 . . . . . . . . . . 1 Destroy 1 | . . 1 . . . . . . . . . Blast 26 | . . . . . 1 . . 3 3 2 17 Sever 9 | . . . . . . . . . . 2 7 Melee Attacks 42 | . . . . . . . . . . 16 26 Thermal 4 | . . . . . . . . . . . 4 Impact . | . . . . . . . . . . . . Slashing 38 | . . . . . . . . . . 16 22 Piercing . | . . . . . . . . . . . . Sneak Attacks . | . . . . . . . . . . . . Combat Hostiles . | . . . . . . . . . . . . Follow-up Attacks 2 | . . . . . . . . . . . 2 Damage Inflicted 9736 | 268 408 149 946 . 54 . . 1107 819 1134 4851 Guns 1936 | 268 . 60 518 . . . . . . 106 984 Cannons 3993 | . . . . . 54 . . 1001 498 630 1810 Explosions 2743 | . 408 89 428 . . . . 106 321 . 1391 Melee 1018 | . . . . . . . . . . 376 642 Ramming 28 | . . . . . . . . . . 22 6 Kinetic 4466 | 90 . 60 518 . 27 . . 1001 455 505 1810 Thermal 1260 | 178 . 41 . . 27 . . . 43 . 971 Explosive 2702 | . 408 48 428 . . . . 106 321 . 1391 Electromagnetic 262 | . . . . . . . . . . 231 31 Impact . | . . . . . . . . . . . . Slashing 1018 | . . . . . . . . . . 376 642 Piercing . | . . . . . . . . . . . . Highest Corruption 7 | . . . . . . . . . . 6 7 Average Corruption 2 | . . . . . . . . . . 3 2 Corruption Purged . | . . . . . . . . . . . . Corruption Blocked . | . . . . . . . . . . . . Effects 23 | . . . . . . . . . . 8 15 Message Errors 8 | . . . . . . . . . . 3 5 Matter Fused 7 | . . . . . . . . . . 3 4 Heat Flow Errors 1 | . . . . . . . . . . 1 . Energy Discharges 2 | . . . . . . . . . . . 2 Parts Fused 1 | . . . . . . . . . . . 1 Data Loss (minor) 2 | . . . . . . . . . . 1 1 Misfires 1 | . . . . . . . . . . . 1 Weapon Failures 1 | . . . . . . . . . . . 1 Overload Shots . | . . . . . . . . . . . . Overflow Damage 447 | . 46 . . . . . . 13 87 47 254 Projectiles 110 | . . . . . . . . 13 . 31 66 Explosions 301 | . 46 . . . . . . . 87 . 168 Melee 36 | . . . . . . . . . . 16 20 Knockbacks 57 | . . . . . . . . 17 10 5 25 Impact . | . . . . . . . . . . . . Kinetic 51 | . . . . . . . . 16 8 5 22 Secondary 6 | . . . . . . . . 1 2 . 3 Self-Inflicted Damage 348 | . . . 28 . . . . . 143 11 166 Shots 8 | . . . 2 . . . . . 2 . 4 Rammed 1 | . . . . . . . . . . 1 . Targets Rammed 5 | . . . . . . . . . . 1 4 Kicked 4 | . . . . . . . . . . . 4 Crushed . | . . . . . . . . . . . . Highest Temperature 483 | 160 . 38 15 . 45 . . 483 205 219 376 Average Temperature 89 | 79 . 11 6 . 15 . . 180 62 136 82 Received Heat Transfer 1825 | . . 60 108 . . . . 297 60 369 931 Effects 5 | . . . . . . . . 2 . . 3 Shutdowns 1 | . . . . . . . . 1 . . . Energy Bleed 3 | . . . . . . . . 1 . . 2 Damage (minor) 1 | . . . . . . . . . . . 1 Siege Activations . | . . . . . . . . . . . . Robots Corrupted . | . . . . . . . . . . . . Combat Hostiles . | . . . . . . . . . . . . Parts Fried 1 | . . . . . . . . . . 1 . Impact Corruptions . | . . . . . . . . . . . . Robots Melted 2 | . . . . . . . . . . . 2 Combat Hostiles 2 | . . . . . . . . . . . 2 Parts Melted 5 | . . . . . . . . . . . 5 Heat Transferred 2653 | 592 . 50 . . 37 . . . 50 . 1924 Parts Sabotaged 2 | . . . . . . . . . . . 2 Parts Stolen . | . . . . . . . . . . . . Parts Stripped . | . . . . . . . . . . . . Power Chain Reactions . | . . . . . . . . . . . . Alert | -11 -10 -10 -9 -9 -8 -7 -7 -7 -6 -5 -4 ------- Run | Yrd Mat Min Mat Min Mat Fac Was Fac Fac Fac Fac Peak Influence 530 | 25 209 176 290 112 66 9 3 485 445 261 530 Initial 237 | . 16 81 68 112 43 9 3 2 237 154 94 Average 191 | 14 119 162 136 112 31 9 3 268 264 156 335 Maximum Alert Level 2 | . 1 . 1 . . . . 2 2 1 2 Low Security (%) 56 | 100 90 100 86 100 100 100 100 32 . 82 8 Level 1 34 | . 9 . 13 . . . . 47 99 17 62 Level 2 8 | . . . . . . . . 20 . . 29 Level 3 . | . . . . . . . . . . . . Level 4 . | . . . . . . . . . . . . Level 5 . | . . . . . . . . . . . . High Security . | . . . . . . . . . . . . Max Security . | . . . . . . . . . . . . Squads Dispatched 14 | . . . . 1 1 . . 2 3 1 6 Investigation 2 | . . . . 1 . . . 1 . . . Extermination 6 | . . . . . . . . . 2 1 3 Reinforcement 5 | . . . . . 1 . . 1 1 . 2 Assault 1 | . . . . . . . . . . . 1 Garrison . | . . . . . . . . . . . . Intercept . | . . . . . . . . . . . . Searches Triggered . | . . . . . . . . . . . . Construction Impeded 1 | . . . . . . . . . 1 . . Haulers Reinforced 1 | . . . . . . . . 1 . . . Active Scanning Responses . | . . . . . . . . . . . . Cargo Convoy Interrupts . | . . . . . . . . . . . . Stealth | -11 -10 -10 -9 -9 -8 -7 -7 -7 -6 -5 -4 --------- Run | Yrd Mat Min Mat Min Mat Fac Was Fac Fac Fac Fac Distress Signals 5 | . . . 1 . 1 . . . 3 . . Communications Jammed . | . . . . . . . . . . . . Distress Signals . | . . . . . . . . . . . . Times Spotted 118 | . 10 5 20 . 6 . 1 11 9 13 43 Peak Tracking Total 7 | . 5 2 6 . 6 . 1 4 5 3 7 Tactical Retreats 7 | . . . 1 . . . . 2 1 1 2 Traps | -11 -10 -10 -9 -9 -8 -7 -7 -7 -6 -5 -4 ------- Run | Yrd Mat Min Mat Min Mat Fac Was Fac Fac Fac Fac Traps Triggered 1 | . . . . . . 1 . . . . . Indirectly . | . . . . . . . . . . . . Trap Hack Attempts . | . . . . . . . . . . . . Triggered . | . . . . . . . . . . . . Disarmed . | . . . . . . . . . . . . Reprogrammed . | . . . . . . . . . . . . Reused . | . . . . . . . . . . . . Traps Extracted . | . . . . . . . . . . . . Installed . | . . . . . . . . . . . . Triggered . | . . . . . . . . . . . . Machines | -11 -10 -10 -9 -9 -8 -7 -7 -7 -6 -5 -4 ---------- Run | Yrd Mat Min Mat Min Mat Fac Was Fac Fac Fac Fac Machines Disabled 13 | . . 1 1 . 1 . . 2 3 1 4 Max in Single Turn 2 | . . 1 1 . 1 . . 1 2 1 2 Garrison Access 1 | . . . . . . . . 1 . . . Machines Repaired . | . . . . . . . . . . . . Machines Dismantled . | . . . . . . . . . . . . Machines Sabotaged . | . . . . . . . . . . . . Overloaded Fab Kills . | . . . . . . . . . . . . Hacking | -11 -10 -10 -9 -9 -8 -7 -7 -7 -6 -5 -4 --------- Run | Yrd Mat Min Mat Min Mat Fac Was Fac Fac Fac Fac Machines Accessed 12 | . 1 . 2 1 4 . . 1 1 2 . Terminals 9 | . 1 . 2 . 4 . . . 1 1 . Fabricators . | . . . . . . . . . . . . Repair Stations 1 | . . . . . . . . . . 1 . Recycling Units . | . . . . . . . . . . . . Scanalyzers . | . . . . . . . . . . . . Garrison Access 1 | . . . . . . . . 1 . . . Total Hacks 30 | . 1 . 6 1 15 . . 1 2 4 . Successful 15 | . 1 . 4 1 7 . . 1 . 1 . Failed 15 | . . . 2 . 8 . . . 2 3 . Catastrophic 4 | . . . . . 2 . . . . 2 . Database Lockouts . | . . . . . . . . . . . . Manual 25 | . 1 . 5 . 14 . . 1 2 2 . Terminals 26 | . 1 . 6 . 15 . . . 2 2 . Fabricators . | . . . . . . . . . . . . Repair Stations 2 | . . . . . . . . . . 2 . Recycling Units . | . . . . . . . . . . . . Scanalyzers . | . . . . . . . . . . . . Garrison Access 1 | . . . . . . . . 1 . . . Terminal Hacks 6 | . . . 2 1 3 . . . . . . Record 3 | . . . 2 . 1 . . . . . . Open Door 1 | . . . . 1 . . . . . . . Branch Access Points 1 | . . . . . 1 . . . . . . Unreport Threat 1 | . . . . . 1 . . . . . . Fabricator Hacks . | . . . . . . . . . . . . Repair Station Hacks 1 | . . . . . . . . . . 1 . Scan Component 1 | . . . . . . . . . . 1 . Recycling Unit Hacks . | . . . . . . . . . . . . Scanalyzer . | . . . . . . . . . . . . Garrison Access Hacks . | . . . . . . . . . . . . Unauthorized Hacks 8 | . 1 . 2 . 4 . . 1 . . . Terminals 7 | . 1 . 2 . 4 . . . . . . Track 1 | . . . 1 . . . . . . . . Botnet 6 | . 1 . 1 . 4 . . . . . . Fabricators . | . . . . . . . . . . . . Repair Stations . | . . . . . . . . . . . . Recycling Units . | . . . . . . . . . . . . Scanalyzers . | . . . . . . . . . . . . Garrison Access 1 | . . . . . . . . 1 . . . Jam 1 | . . . . . . . . 1 . . . Data Cores Recovered 1 | . . . . . 1 . . . . . . Used 1 | . . . . . 1 . . . . . . Hacking Detections 9 | . . . 2 . 4 . . . 1 2 . Full Trace Events . | . . . . . . . . . . . . Feedback Events . | . . . . . . . . . . . . Feedback Blocked . | . . . . . . . . . . . . Robot Schematics Acquired . | . . . . . . . . . . . . Robots Built . | . . . . . . . . . . . . Authchips . | . . . . . . . . . . . . Time . | . . . . . . . . . . . . Total Robot Build Rating . | . . . . . . . . . . . . Part Schematics Acquired . | . . . . . . . . . . . . Parts Built . | . . . . . . . . . . . . Authchips . | . . . . . . . . . . . . Time . | . . . . . . . . . . . . Total Part Build Rating . | . . . . . . . . . . . . Parts Repaired . | . . . . . . . . . . . . Time . | . . . . . . . . . . . . Parts Recycled . | . . . . . . . . . . . . Recycled Matter . | . . . . . . . . . . . . Retrieved Matter . | . . . . . . . . . . . . Retrieved Components . | . . . . . . . . . . . . Parts Scanalyzed . | . . . . . . . . . . . . Part Schematics Acquired . | . . . . . . . . . . . . Parts Damaged . | . . . . . . . . . . . . Bothacking | -11 -10 -10 -9 -9 -8 -7 -7 -7 -6 -5 -4 ------------ Run | Yrd Mat Min Mat Min Mat Fac Was Fac Fac Fac Fac Used RIF Installer . | . . . . . . . . . . . . Robots Hacked . | . . . . . . . . . . . . Non-combat . | . . . . . . . . . . . . Combat . | . . . . . . . . . . . . Robot Hacks Applied . | . . . . . . . . . . . . Relay Couplers Released . | . . . . . . . . . . . . Fabnet Peak Effective % . | . . . . . . . . . . . . Robots Rewired . | . . . . . . . . . . . . Allies Hacked . | . . . . . . . . . . . . Hacks Repelled . | . . . . . . . . . . . . Allies | -11 -10 -10 -9 -9 -8 -7 -7 -7 -6 -5 -4 -------- Run | Yrd Mat Min Mat Min Mat Fac Was Fac Fac Fac Fac Total Allies 2 | . . . . 2 . . . . . . . Largest Group 2 | . . . . 2 2 . . . . . . Highest-Rated Group 38 | . . . . 38 38 . . . . . . Highest-Rated Ally 31 | . . . . 31 31 . . . . . . Total Orders . | . . . . . . . . . . . . Ally Attacks 11 | . . . . . 11 . . . . . . Total Damage 192 | . . . . . 192 . . . . . . Kills . | . . . . . . . . . . . . Allies Corrupted . | . . . . . . . . . . . . Allies Melted . | . . . . . . . . . . . . Intel | -11 -10 -10 -9 -9 -8 -7 -7 -7 -6 -5 -4 ------- Run | Yrd Mat Min Mat Min Mat Fac Was Fac Fac Fac Fac Robot Analysis Total . | . . . . . . . . . . . . Derelict Logs Recovered 1 | . . . . 1 . . . . . . . Drone Launches . | . . . . . . . . . . . . Drone Recoveries . | . . . . . . . . . . . . Exploration | -11 -10 -10 -9 -9 -8 -7 -7 -7 -6 -5 -4 ------------- Run | Yrd Mat Min Mat Min Mat Fac Was Fac Fac Fac Fac Turns Passed 5353 | 120 271 228 688 209 301 227 248 383 601 768 1309 Spaces Moved 3051 | 49 200 137 282 127 193 149 195 184 393 446 696 Core 178 | . . . . . . . . . . . 178 Treads 39 | . . . . . . . . . . . 39 Legs 386 | 25 . . . . . . . . . . 361 Wheels 2448 | 24 200 137 282 127 193 149 195 184 393 446 118 Hover . | . . . . . . . . . . . . Flight . | . . . . . . . . . . . . Fastest Speed 50 | 80 80 140 140 140 110 110 110 110 110 110 50 Average Speed 122 | 100 120 140 140 151 127 110 121 123 118 114 118 Slowest Speed 260 | 120 140 140 140 155 155 110 125 155 125 155 260 Overloaded Moves . | . . . . . . . . . . . . Propulsion Burnouts . | . . . . . . . . . . . . Robots Hopped . | . . . . . . . . . . . . Cave-ins Triggered . | . . . . . . . . . . . . Exploration Rate (%) 22 | 3 28 41 22 37 17 5 71 4 9 12 21 Regions Visited 11 Branch Regions 2 Pre-discovered Areas 1 | . . . . 1 . . . . . . . Known Exits Taken 1 | . . . . . . . . . . 1 . Unknown Exits Taken 8 | 1 1 1 1 1 1 . . 1 1 . . Scrap Searched 2 | . . . . 2 . . . . . . . Spaces Dug 8 | . . . . . . . . 1 4 2 1 Terrain Destroyed 249 | . 37 22 29 . 2 . . 7 53 9 90 Melee . | . . . . . . . . . . . . Projectile 41 | . . . . . 2 . . 4 10 9 16 AOE 208 | . 37 22 29 . . . . 3 43 . 74 Terrain Rammed . | . . . . . . . . . . . . Walls Destroyed . | . . . . . . . . . . . . Machines Disabled . | . . . . . . . . . . . . Actions | -11 -10 -10 -9 -9 -8 -7 -7 -7 -6 -5 -4 --------- Run | Yrd Mat Min Mat Min Mat Fac Was Fac Fac Fac Fac Total 4235 | 83 226 158 517 144 251 212 208 287 492 641 1016 Wait 612 | 1 4 6 177 6 27 58 3 54 50 111 115 Move 3041 | 48 199 136 281 126 192 149 194 183 392 445 696 Hop . | . . . . . . . . . . . . Pick Up 73 | 6 9 4 9 2 8 2 1 3 4 7 18 Fast Attach 42 | 1 1 . . 2 . . 4 1 4 7 22 Attach 36 | . . . 3 . 2 2 . 2 4 8 15 Detach 17 | . . . . 2 . . 1 1 2 2 9 Swap 51 | 3 4 3 5 2 4 1 . 5 10 8 6 Drop 69 | 4 5 . 5 4 16 . 5 3 4 7 16 Fire 245 | 20 4 9 37 . 2 . . 35 22 29 87 Melee 40 | . . . . . . . . . . 16 24 Ram 1 | . . . . . . . . . . 1 . Kick 4 | . . . . . . . . . . . 4 Crush . | . . . . . . . . . . . . Escape Stasis . | . . . . . . . . . . . . Rewire 4 | . . . . . . . . . . . 4 Trap . | . . . . . . . . . . . . Miscellaneous . | . . . . . . . . . . . . Route ------- -11/Scrapyard -10/Materials -10/Mines -9/Materials (discovered 2 exits: *Mat / *Min) -9/Mines -8/Materials -7/Factory -7/Waste -7/Factory -6/Factory -5/Factory -4/Factory (discovered 1 exit: [*Upp]) History --------- Turn | Location | Event 1 | -11/Scrapyard | Discovered new exit (range 3) 121 | -11/Scrapyard | Entered Materials 170 | -10/Materials | Discovered new exit (range 15) 306 | -10/Materials | Build established: Mutant 392 | -10/Materials | Entered Mines 393 | -10/Mines | Assembled infested the area 534 | -10/Mines | Received a Rocket Launcher from a helpful Derelict 551 | -10/Mines | Discovered new exit (range 7) 620 | -10/Mines | Entered Materials 620 | -9/Materials | Evolved 2 slots: Utility x2 859 | -9/Materials | Discovered new exit (range 15) 964 | -9/Materials | Discovered new exit (range 16) 1308 | -9/Materials | Entered Mines 1316 | -9/Mines | Met a Derelict bent on vengeance 1335 | -9/Mines | Met a Derelict shopkeep closing up shop 1382 | -9/Mines | Build established: Scavenger-Mutant 1460 | -9/Mines | Learned location of Recycling (-7) 1505 | -9/Mines | Discovered new exit (range 7) 1517 | -9/Mines | Entered Materials 1517 | -8/Materials | Accompanied by 2 allies 1517 | -8/Materials | Evolved 2 slots: Utility x2 1522 | -8/Materials | Led the pair of lost Derelicts to an unsafe place 1804 | -8/Materials | Discovered new exit (range 10) 1811 | -8/Materials | Build established: Scavenger-Skirmisher 1818 | -8/Materials | Entered Factory 1818 | -7/Factory | Evolved 2 slots: Utility x2 2045 | -7/Factory | Sucked down chute 2045 | -7/Factory | Entered Waste 2045 | -7/Waste | The area was eerily silent 2170 | -7/Waste | A Compactor rumbled back to life 2170 | -7/Waste | Spotted C-40 Crusher 2276 | -7/Waste | Discovered new exit (range 12) 2293 | -7/Waste | Entered Factory 2540 | -7/Factory | Discovered new exit (range 14) 2676 | -7/Factory | Entered another Factory area 2676 | -6/Factory | Evolved 2 slots: Propulsion x1, Utility x1 2723 | -6/Factory | Discovered new exit (range 11) 3013 | -6/Factory | Build established: Skirmisher 3093 | -6/Factory | Spotted B-75 Beast 3277 | -6/Factory | Entered another Factory area 3277 | -5/Factory | Evolved 2 slots: Propulsion x1, Utility x1 3648 | -5/Factory | Lost 3 parts (1p2n) 3988 | -5/Factory | Discovered new exit (range 10) 4043 | -5/Factory | Identified exit to Factory 4045 | -5/Factory | Entered another Factory area 4045 | -4/Factory | Evolved 2 slots: Utility x1, Weapon x1 4124 | -4/Factory | Lost 4 parts (1p2n1w) 4504 | -4/Factory | Lost 3 parts (1n2u) 4774 | -4/Factory | Build established: Scavenger-Skirmisher 4824 | -4/Factory | First assault squad dispatched 4966 | -4/Factory | Found Quantum Capacitor 5109 | -4/Factory | Lost 8 parts (1p3n1u3w) 5225 | -4/Factory | Core integrity fell below 50% 5258 | -4/Factory | Core integrity fell below 20% 5281 | -4/Factory | Lost 12 parts (2p3n3u4w) 5348 | -4/Factory | Discovered new exit (range 4) 5354 | -4/Factory | Destroyed by Y-64 Sentinel with Wave Gun Last Messages --------------- 05234_ Myomer Leg destroyed. 05236_ Segregator destroyed. 05240_ G-67 Veteran Plasma Rifle severed. 05242_ Imp. Plasma Cutter destroyed. 05243_ Kicked G-67 Veteran. 05250_ Myomer Leg destroyed. 05252_ SFTN3=U3A9G=8&#R,ZNUE